Map: Cyber Forest LE

Players

Trizztein

  • Race: Terran Terran
  • League: Master
  • Spawn Location: 5:00

A.I. 1 (Easy) - Winner!

  • Race: Terran Terran
  • Spawn Location: 11:00

VOD

Have the link to the VOD?

Description

Time

  • Played on: May 12, 2019, 8 a.m.
  • Length: 7:30
Show
View Real Time Build Order
Export as new Build Order

Trizztein Terran 

Build Orders:  

Get SALT Encoding   

  6  0:00  SCV  
  13  0:12  SCV  
  14  0:17  Supply Depot  
  14  0:24  SCV  
  15  0:29  Refinery  
  15  0:38  SCV  
  16  0:44  Barracks  
  16  0:50  SCV  
  16  0:55  Refinery  
  17  1:02  SCV  
  18  1:15  SCV  
  19  1:31  Orbital Command  
  19  1:32  Reaper  
  20  1:36  Factory  
  20  1:48  Supply Depot  
  20  1:57  SCV  
  21  2:04  Reaper  
  22  2:09  SCV  
  23  2:20  Hellion  
  25  2:30  Command Center  
  25  2:34  SCV  
  26  2:37  Barracks Reactor  
  26  2:42  Hellion  
  28  2:46  SCV  
  29  2:53  Starport  
  29  2:58  SCV  
  29  3:00  Supply Depot  
  30  3:06  Factory Tech Lab  
  30  3:10  SCV  
  31  3:22  SCV, Marine x2  
  37  3:27  Cyclone  
  37  3:29  Starport Tech Lab  
  37  3:35  SCV  
  37  3:39  Refinery  
  38  3:44  Orbital Command  
  38  3:47  SCV, Marine x2  
  41  3:51  Raven  
  43  3:59  SCV  
  44  4:03  Siege Tank  
  44  4:09  Supply Depot  
  47  4:11  SCV  
  47  4:12  SCV  
  47  4:15  Marine  
  50  4:19  Marine  
  50  4:23  SCV  
  52  4:25  SCV  
  53  4:32  Supply Depot  
  53  4:34  Raven  
  53  4:35  SCV  
  53  4:38  SCV  
  57  4:41  Siege Tank  
  60  4:47  SCV  
  60  4:48  Marine  
  62  4:53  Marine  
  62  4:54  SCV  
  62  4:58  Supply Depot  
  62  4:59  SCV  
  65  5:06  SCV  
  66  5:07  Command Center  
  66  5:11  SCV  
  67  5:18  SCV  
  67  5:20  Engineering Bay  
  68  5:22  Engineering Bay  
  68  5:23  SCV  
  68  5:24  Refinery  
  69  5:30  SCV  
  69  5:33  Supply Depot, Marine  
  71  5:36  SCV  
  71  5:40  Viking  
  71  5:42  SCV  
  75  5:45  Viking  
  75  5:48  SCV  
  78  5:54  SCV  
  79  5:58  Supply Depot  
  79  6:00  SCV  
  79  6:02  Siege Tank  
  83  6:04  Marine  
  83  6:06  SCV  
  85  6:12  SCV  
  85  6:17  Barracks x2  
  86  6:19  SCV  
  86  6:22  Orbital Command  
  86  6:24  SCV  
  86  6:25  Supply Depot  
  88  6:31  SCV  
  88  6:32  Viking  
  91  6:35  Viking  
  91  6:36  SCV  
  91  6:39  Siege Tank  
  97  6:43  SCV  
  98  6:47  Orbital Command  
  98  6:49  SCV, Barracks  
  98  6:51  Barracks  
  99  6:55  SCV  
  100  7:02  SCV  
  100  7:05  Marine  
  100  7:08  SCV, Barracks Reactor x2  
  107  7:11  Refinery  
  107  7:13  Armory  
  107  7:14  SCV  
Show
View Real Time Build Order
Export as new Build Order

A.I. 1 (Easy) Terran - Winner!

Build Orders:  

Get SALT Encoding   

  6  0:00  SCV  
  13  0:13  SCV  
  14  0:18  Supply Depot  
  14  0:25  SCV  
  15  0:39  SCV  
  16  0:43  Barracks  
  16  0:45  Refinery  
  16  1:09  Supply Depot  
  16  1:21  Refinery  
  16  1:30  Marine  
  16  1:32  Orbital Command  
  17  1:49  Barracks Tech Lab  
  17  2:08  Marauder  
  19  2:14  Supply Depot, SCV  
  20  2:26  SCV  
  21  2:31  Marine  
  22  2:38  SCV  
  23  2:51  SCV  
  24  2:56  Marauder  
  26  3:03  SCV  
  27  3:15  SCV  
  28  3:20  Marine  
  29  3:44  Marine  
  30  4:09  Marauder  
  32  4:15  SCV  
  32  6:57  SCV, Reaper  
  32  6:59  Supply Depot  
  34  7:04  Command Center  
  34  7:22  Factory  
  35  7:25  Supply Depot  
Tags
 
League
Master
Matchup
TvT
Race
Terran
Spawn Locations
Cross Positions
Add a new tag
Caveats
  • Supply blocks, unpowered buildings, or Contaminate may cause inaccurate times.
  • Supply counts are checked every 10 seconds.